cohdb
Replays
Latest Replays
All Replays
Popular Replays
Top Player Replays
Match Explorer
How It Works
Community
CoH3 Stats
Reddit
Sign in to upload your games and track your stats! →
Sign in with Steam
Match 37738533
Unlisted
Match 37738533
Overview
Messages
Build Orders
End
Construct Barracks
Riflemen Squad
Riflemen Squad
1⁄4-ton 4x4 Truck
Mechanized Support Center
Designate Forward Repair Station
Construct Motor Pool
Grenade Package
M8 Greyhound Armored Car
Construct Medical Station
M1 Anti-tank Gun Team
M1 Mortar Team
Engineer Squad
Salvage Crew
Construct Tank Depot
M4A1 Sherman Medium Tank
TwistedTootsy
Wehearvoices
bl4ckjack
UH|dun! ツ
alraf13
AfroNinja
0
0
Comments
sign in to comment!
No comments posted yet!